 Dungeon Crawl Stone Soup version 0.24.0-2-g5b39cebb1c (webtiles) character file.

Game seed: 16074718996415661021, levelgen mode: deterministic

105 inmateoo the Cudgeler (level 4, -2/35 HPs)
             Began as a Mummy Fighter on Oct 30, 2019.
             Slain by a centaur (7 damage)
             ... on level 6 of the Dungeon.
             The game lasted 00:01:58 (2311 turns).

inmateoo the Cudgeler (Mummy Fighter)               Turns: 2311, Time: 00:01:59

Health: -2/35      AC:  7    Str: 23    XL:     4   Next: 53%
Magic:  4/4        EV:  7    Int:  7    God:
Gold:   101        SH: 11    Dex: 11    Spells: 3/3 levels left

rFire    x . .     SeeInvis .   a - +1 flail
rCold    + . .     Gourm    .   c - +0 shield
rNeg     + + +     Faith    .   b - +1 scale mail
rPois    ∞         Spirit   .   (no helmet)
rElec    .         Reflect  +   (no cloak)
rCorr    +         Harm     .   (no gloves)
MR       .....                  (no boots)
Stlth    ..........             d - +2 amulet of reflection (curse)
HPRegen  0.11/turn              i - +3 ring of strength
MPRegen  0.09/turn              e - ring of resist corrosion

@: no status effects
A: no food or potions, fire vulnerability, cold resistance 1, negative energy
resistance 3, torment resistance, unbreathing
a: no special abilities


You were on level 6 of the Dungeon.
You were not hungry.

You visited 1 branch of the dungeon, and saw 5 of its levels.

You collected 101 gold pieces.

Inventory:

Hand Weapons
 a - a +1 flail (weapon)
Armour
 b - a +1 scale mail (worn)
 c - a +0 shield (worn)
Jewellery
 d - a cursed +2 amulet of reflection (around neck)
 e - a ring of resist corrosion (right hand)
 i - a +3 ring of strength (left hand)
Scrolls
 f - 4 scrolls of identify
 g - 3 scrolls of blinking
 h - 3 scrolls of enchant armour
 j - a scroll of enchant weapon


   Skills:
 - Level 3.0 Fighting
 + Level 4.0 Maces & Flails
 - Level 2.4 Armour
 - Level 2.4 Shields


You had 3 spell levels left.
You didn't know any spells.
Your spell library was empty.

Dungeon Overview and Level Annotations

Branches:
Dungeon (4/15)
 Temple: D:4-7

Altars:


Innate Abilities, Weirdness & Mutations

You do not eat or drink.
Your flesh is vulnerable to fire.
You are immune to poison.
Your flesh is cold resistant. (rC+)
You are immune to negative energy. (rN+++)
You are immune to unholy pain and torment.
You can survive without breathing.


Message History

The centaur hits you but does no damage.
The centaur barely misses you.
You closely miss the centaur. You block the centaur's attack.
The centaur hits you.
* * * LOW HITPOINT WARNING * * *
Unknown command.
You thump the centaur!
The centaur is heavily wounded.
You block the centaur's attack. x2
Unknown command.
You closely miss the centaur.
The centaur is heavily wounded.
The centaur hits you.
* * * LOW HITPOINT WARNING * * *
You block the centaur's attack.
Unknown command.
You hit the centaur.
The centaur is severely wounded.
The centaur hits you!
You die...

#. ### #.# #.#
#####.###.#
......##.########
#####...............
........##.########
........##.########
###.#..##.........
#.@.......########
###c#..#..#
#(#.....# #.##.#..#
..........
##.##.#..###
........# #.##.#...
...


You could see a centaur.

Vanquished Creatures
  2 adders (D:3)
  2 oozes (D:3)
  3 worms
  3 leopard geckos
  4 orcs (D:3)
  6 giant cockroaches
  5 hobgoblins
  2 jackals (D:1)
  7 kobolds
  A quokka (D:3)
  2 ball pythons
  7 bats
  5 frilled lizards
  4 goblins
  9 rats
62 creatures vanquished.

Notes
Turn   | Place    | Note
-------+----------+-------------------------------------------
     0 | D:1      | inmateoo the Mummy Fighter began the quest for the Orb.
     0 | D:1      | Reached XP level 1. HP: 18/18 MP: 1/1
    68 | D:1      | Reached skill level 2 in Maces & Flails
   119 | D:1      | Reached XP level 2. HP: 20/24 MP: 2/2
   805 | D:2      | Reached XP level 3. HP: 18/29 MP: 3/3
   865 | D:2      | Reached skill level 3 in Maces & Flails
  1554 | D:3      | Reached XP level 4. HP: 32/35 MP: 4/4
  1606 | D:3      | Found a faded altar of an unknown god.
  2035 | D:3      | Reached skill level 4 in Maces & Flails
  2282 | D:4      | You fall into a shaft and drop 2 floors!
  2293 | D:6      | Noticed a centaur
  2311 | D:6      | Slain by a centaur

Levels and vault maps discovered:
D:1:      shiori_arrival_elements, layout_basic, minmay_misc_feat_encased,
          palyth_stone_intersect, columned_hall_lemuel, hex_tiny
D:2:      layout_basic
D:3:      layout_basic, chequers_ecumenical_altar_simple_redux,
          bh_walls_and_bars
D:4:      layout_cave_pools, first_ration, eino_tiny_chamber
D:6:      layout_basic, nicolae_overflow_hidden_temple

Skill      XL: |  1  2  3  4 |
---------------+-------------+-----
Maces & Flails | 2 3 4 |  4.0
Fighting       | |  3.0
Armour         | |  2.4
Shields        | |  2.4

Action                   |  1- 3 |  4- 6 || total
-------------------------+-------+-------++-------
Melee: Flail             |   150 |    70 ||   220
  Use: Scroll            |     4 |       ||     4
Armor: Scale mail        |    68 |    23 ||    91
Dodge: Dodged            |    44 |    18 ||    62
Block: Shield            |    75 |    50 ||   125
       Reflection        |     2 |     1 ||     3
